 Dungeon Crawl Stone Soup version 0.29.1-15-g9cfb28693d (webtiles) character file.

Game seed: 6853357875046363414

949 vishdafish the Conjurer (level 7, -4/46 HPs)
             Began as a Demonspawn Conjurer on Mar 29, 2023.
             Slain by a gnoll sergeant
             ... wielding a +0 spear
              (12 damage)
             ... on level 5 of the Dungeon.
             The game lasted 00:06:04 (4059 turns).

vishdafish the Conjurer (Demonspawn Conjurer)       Turns: 4059, Time: 00:06:05

Health: -4/46      AC:  6    Str:  7    XL:     7   Next: 89%
Magic:  7/15       EV: 12    Int: 21    God:
Gold:   154        SH:  0    Dex: 12    Spells: 7/16 levels left

rFire   . . .      SeeInvis .   p - +1 dagger (venom)
rCold   . . .      Faith    .   (no shield)
rNeg    . . .      Spirit   .   a - +0 robe
rPois   .          Reflect  .   (no helmet)
rElec   .          Harm     .   n - +2 cloak
rCorr   .          Rampage  .   (no gloves)
Will    .....                   r - +0 pair of boots
Stlth   ++........              (no amulet)
HPRegen 0.15/turn               (no ring)
MPRegen 0.14/turn               (no ring)

@: no status effects
A: powered by death 1, demonic magic 2, weakness stinger 1
a: no special abilities


You were on level 5 of the Dungeon.
You visited 1 branch of the dungeon, and saw 6 of its levels.

You collected 224 gold pieces.
You spent 70 gold pieces at shops.

Inventory:

Hand Weapons
 d - a +0 dagger
 p - a +1 dagger of venom (weapon)
Armour
 a - a +0 robe (worn)
 c - a +1 cloak
 n - a +2 cloak (worn)
 r - a +0 pair of boots (worn)
Jewellery
 o - a +4 ring of slaying
 v - a ring of magical power
Scrolls
 b - 3 scrolls of magic mapping
 e - 2 scrolls of amnesia
 g - 4 scrolls of fear {unknown}
 i - 3 scrolls of teleportation
 j - 2 scrolls of immolation {unknown}
 q - 2 scrolls of noise {unknown}
 t - 2 scrolls of identify
Potions
 f - 2 potions of berserk rage {unknown}
 h - a potion of lignification {unknown}
 k - a potion of cancellation {unknown}
 l - a potion of mutation {unknown}
 m - a potion of ambrosia {unknown}
 s - a potion of attraction {unknown}
 u - a potion of curing {unknown}


   Skills:
 + Level 3.9 Short Blades
 - Level 1.7 Dodging
 - Level 1.7 Stealth
 + Level 5.4 Spellcasting
 + Level 6.8 Conjurations


You had 7 spell levels left.
You knew the following spells:

 Your Spells              Type           Power      Damage    Failure   Level
a - Magic Dart            Conj           100%       1d8       1%          1
b - Fulminant Prism       Conj/Hex       10%        3d9       26%         4
c - Iskenderun's Mystic   Conj/Tloc      20%        2d6       26%         4

Your spell library contained the following spells:

 Spells                   Type           Power      Damage    Failure   Level
 Searing Ray              Conj           68%        2d6       1%          2
 Dazzling Flash           Conj/Hex       40%        N/A       8%          3
 Poisonous Vapours        Pois/Air       10%        N/A       16%         2
 Corpse Rot               Necr/Pois/Air  5%         N/A       71%         4


Dungeon Overview and Level Annotations

Branches:
Dungeon (6/15)             Temple (0/1) D:4

Altars:

Shops:
D:1 [   D:3 ?

Annotations:
D:6 Menkaure


Innate Abilities, Weirdness & Mutations

You regenerate a little health from kills.
Spells you cast may paralyse nearby enemies.
You have a small tail.


Message History

Malevolent energies surge around you.
The gnoll sergeant suddenly stops moving!
The magic dart hits the gnoll sergeant.
The gnoll sergeant is lightly wounded.
Malevolent energies surge around you.
A scorpion comes into view.
The helpless gnoll sergeant fails to defend itself.
You puncture the gnoll sergeant!
You tail-slap the gnoll sergeant, but do no damage.
The gnoll sergeant is heavily wounded.
The helpless gnoll sergeant fails to defend itself.
You puncture the gnoll sergeant!
The gnoll sergeant is poisoned.
The gnoll sergeant is almost dead.
The gnoll sergeant is no longer paralysed.
The gnoll sergeant hits you with a +0 spear.
You closely miss the gnoll sergeant.
You tail-slap the gnoll sergeant, but do no damage.
The gnoll sergeant is almost dead.
The gnoll sergeant hits you with a +0 spear!
The scorpion stings you but does no damage.
You are too injured to fight recklessly!
Aiming: Magic Dart (safe; 1% risk of failure)
Press: ? - help, Q - select action Shift-Dir - straight line, f - scorpion, p - gnoll sergeant
Aim: a scorpion (100% to hit)
The magic dart hits the scorpion.
The scorpion is moderately wounded.
Malevolent energies surge around you.
The gnoll sergeant hits you with a +0 spear!
* * * LOW HITPOINT WARNING * * *
The scorpion stings you but does no damage.
Aiming: Magic Dart (safe; 1% risk of failure)
Press: ? - help, Q - select action Shift-Dir - straight line, f/p - scorpion
Aim: a scorpion (moderately wounded, 100% to hit)
The magic dart hits the scorpion.
The scorpion is moderately wounded.
Malevolent energies surge around you. The scorpion stings you.
* * * LOW HITPOINT WARNING * * *
The gnoll sergeant hits you with a +0 spear!
You die...

#..........
#####..........
...........#####
...........#...#
...........#...#
...........††.)+
...........###)#
.#'###+#.....#)#####.#
.#.....#.....#).@g...#
.#.....#.....#...s..##
.#.....#.....+..........
.#.....#.....#####+###..
.#.....#...... .
####+###....... ##
###+##... .+ .#


You could see a gnoll sergeant (very poisoned) and a scorpion.

Vanquished Creatures
  Sigmund (D:3)
  2 water moccasins
  A black bear (D:6)
  A bullfrog (D:6)
  A necrophage (D:6)
  A scorpion (D:6)
  2 hounds
  An iguana (D:5)
  An orc wizard (D:3)
  4 gnolls (D:5)
  6 adders
  2 worms (D:2)
  2 dart slugs
  7 orcs
  9 endoplasms
  2 giant cockroaches
  4 goblins (D:1)
  6 hobgoblins
  3 jackals (D:3)
  14 kobolds
  4 quokkas
  7 ball pythons
  3 bats
  8 frilled lizards
  9 rats
101 creatures vanquished.

Vanquished Creatures (others)
  11 plants (D:3)
11 creatures vanquished.

Grand Total: 112 creatures vanquished

Notes
Turn   | Place    | Note
-------+----------+-------------------------------------------
     0 | D:1      | vishdafish the Demonspawn Conjurer began the quest for the
                  | Orb.
     0 | D:1      | Reached XP level 1. HP: 13/13 MP: 3/3
   209 | D:1      | Found Kagian's Antique Armour Shop.
   297 | D:1      | Gained mutation: You regenerate a little health from kills.
                  | [demonic ancestry]
   297 | D:1      | Reached XP level 2. HP: 19/19 MP: 0/5
   984 | D:1      | Found a faded altar of an unknown god.
  1124 | D:2      | Gained mutation: Spells you cast may paralyse adjacent
                  | enemies. [demonic ancestry]
  1124 | D:2      | Reached XP level 3. HP: 16/24 MP: 1/7
  1532 | D:2      | Reached XP level 4. HP: 30/30 MP: 2/8
  1662 | D:2      | Reached skill level 5 in Conjurations
  2074 | D:3      | Learned a level 4 spell: Fulminant Prism
  2079 | D:3      | Learned a level 4 spell: Iskenderun's Mystic Blast
  2115 | D:3      | Noticed Sigmund
  2122 | D:3      | Killed Sigmund
  2123 | D:3      | Reached skill level 1 in Short Blades
  2123 | D:3      | Gained mutation: Spells you cast may paralyse nearby
                  | enemies. [demonic ancestry]
  2123 | D:3      | Reached XP level 5. HP: 30/35 MP: 2/11
  2176 | D:3      | Reached XP level 6. HP: 41/41 MP: 7/12
  2654 | D:3      | Found Sonihil's Magic Scroll Shoppe.
  2663 | D:3      | Bought a scroll of teleportation for 42 gold pieces
  2663 | D:3      | Bought a scroll of identify for 28 gold pieces
  3387 | D:4      | Found a staircase to the Ecumenical Temple.
  3389 | D:4      | You fall into a shaft and drop 2 floors!
  3401 | D:6      | Noticed a water moccasin
  3407 | D:6      | Killed a water moccasin
  3408 | D:6      | Reached skill level 6 in Conjurations
  3430 | D:6      | Gained mutation: You have a small tail. [demonic ancestry]
  3430 | D:6      | Reached XP level 7. HP: 18/46 MP: 9/13
  3734 | D:6      | Reached skill level 5 in Spellcasting
  3861 | D:6      | Identified the +2 ring mail of the Griffon {Will++ Dex-5
                  | Stlth+}
  3863 | D:6      | Noticed Menkaure
  3881 | D:5      | Entered Level 5 of the Dungeon
  4059 | D:5      | Slain by a gnoll sergeant

Illustrated notes

Levels and vault maps discovered:
D:1:      lemuel_arrival_river_bridge, layout_rooms, serial_shops, shop,
          hellmonk_ecumenical_altar_inner_sanctum, chequers_garden
D:2:      layout_rooms, grunt_ministairs_6, minmay_fractal_squares_5
D:3:      layout_loops_ring, serial_shops, nicolae_lakefront_shop,
          lexackson_kobold_supper, uniq_sigmund
D:4:      layout_layer_cave, minmay_temple_entry_ruins, uniq_grinder
D:5:      layout_gridville, corner_web_ring, hellmonk_bongcloud_opening,
          nicolae_specific_store, uniq_pikel, uniq_blork_the_orc
D:6:      layout_cave_pools, uniq_menkaure

Skill      XL: |  1  2  3  4  5  6  7 |
---------------+----------------------+-----
Spellcasting   | 3 4 5 |  5.4
Conjurations   | 5 6 |  6.8
Short Blades   | 1 2 3 |  3.9
Dodging        | |  1.7
Stealth        | |  1.7

Action                   |  1- 3 |  4- 6 |  7- 9 || total
-------------------------+-------+-------+-------++-------
Melee: Dagger            |    13 |    27 |    12 ||    52
       Tailslap          |       |       |     2 ||     2
 Cast: Magic Dart        |    75 |   111 |    47 ||   233
  Use: Potion            |     1 |     1 |       ||     2
       Scroll            |       |     2 |       ||     2
 Stab: Paralysed         |     4 |    10 |    11 ||    25
Armor: Robe              |     6 |    10 |     4 ||    20
Dodge: Dodged            |    12 |    16 |    15 ||    43
